 Dungeon Crawl Stone Soup version 0.21.1-1-g345015fe64 (webtiles) character file.

126 waaargh the Skirmisher (level 4, -3/41 HPs)
             Began as a Minotaur Fighter on June 14, 2018.
             Was a Follower of Qazlal.
             Killed from afar by Blork the orc (9 damage)
             ... with a magic dart
             ... on level 4 of the Dungeon.
             The game lasted 00:05:43 (2652 turns).

waaargh the Skirmisher (Minotaur Fighter)           Turns: 2652, Time: 00:05:43

Health: -3/41      AC:  0    Str: 21    XL:     4   Next: 84%
Magic:  3/3        EV: 18    Int:  5    God:    Qazlal [*.....]
Gold:   197        SH:  1    Dex: 15    Spells: 3/3 levels left

rFire    . . .     SeeInvis .   (weapon currently unavailable)
rCold    . . .     Gourm    .   (shield currently unavailable)
rNeg     . . .     Faith    .   (armour currently unavailable)
rPois    .         Spirit   .   (helmet currently unavailable)
rElec    .         Reflect  .   (cloak currently unavailable)
rCorr    .         Harm     .   (gloves currently unavailable)
MR       .....                  (boots currently unavailable)
Stlth    +.........             (no amulet)
HPRegen  0.13/turn              (ring currently unavailable)
MPRegen  0.08/turn              (ring currently unavailable)

@: bat-form (expiring), flying, very quick
A: tiny, (retaliatory headbutt)
a: Renounce Religion


You were on level 4 of the Dungeon.
You worshipped Qazlal.
Qazlal was aware of your devotion.
You were not hungry.
You were in bat-form.
You visited 1 branch of the dungeon, and saw 4 of its levels.

You collected 197 gold pieces.

Inventory:

Hand Weapons
 a - a +0 war axe (melded)
Missiles
 e - 12 tomahawks (quivered)
 q - 8 tomahawks of dispersal
Armour
 b - a +0 scale mail (melded)
 c - a +0 shield (melded)
 t - a +0 shield
Wands
 h - a wand of random effects (31)
Scrolls
 n - a scroll of fear
 o - a scroll of amnesia {unknown}
 p - a scroll of noise {unknown}
 s - a scroll of teleportation {unknown}
Potions
 d - a potion of might
 g - 2 potions of heal wounds {unknown}
 k - a potion of ambrosia {unknown}
 l - a potion of agility
 m - 2 potions of curing {unknown}
 r - a potion of flight {unknown}
 u - a potion of haste {unknown}
Comestibles
 f - 6 rations


   Skills:
 + Level 4.4 Fighting
 + Level 4.2 Axes
 + Level 4.4 Armour
 + Level 0.9 Dodging
 + Level 4.1 Shields


You had 3 spell levels left.
You didn't know any spells.

Dungeon Overview and Level Annotations

Branches:
Dungeon (4/15)
 Temple: D:4-7

Altars:
Kikubaaqudgha
Qazlal
Ru
Uskayaw

Annotations:
D:4 Blork the orc


Innate Abilities, Weirdness & Mutations

((You reflexively headbutt those who attack you in melee.))
((You have a pair of horns on your head.))


Message History

Something tries to affect you, but you resist.
There is a stone staircase leading down here.
There is a stone staircase leading down here.
You hear a zap.
Something tries to affect you, but you resist.
A puff of frost appears from out of thin air!
The puff of frost hits you!
You see here a leopard gecko corpse.
You hear a zap.
You hear a zap.
Something tries to affect you, but you resist.
Your transformation is almost over.
A puff of frost appears from out of thin air!
The puff of frost hits you!
A puff of flame appears from out of thin air!
The puff of flame hits you!
* * * LOW HITPOINT WARNING * * *
A magic dart appears from out of thin air!
The magic dart hits you!
You die...

#>......†.....#
#.##.########.## #.##.#
#..# #.##.# ##.## #.##.#
#..# #.##.# ##.## #.##.#
#..#
#.##.###########{#########
#........b................
.....############.########
..... #######..# # ......#
.........## # <......
########..# # ......##.
#..## # #.####...## #
#.........# # ######.#..#
#


There were no monsters in sight!

Vanquished Creatures
  An orc wizard (D:3)
  A howler monkey skeleton (D:4)
  2 adders (D:2)
  A worm (D:3)
  4 dart slugs
  2 leopard geckos
  2 orcs (D:3)
  A ball python (D:3)
  3 giant cockroaches
  9 goblins
  A hobgoblin (D:3)
  4 jackals
  A quokka (D:3)
  11 bats
  3 frilled lizards
  2 kobolds (D:3)
  5 rats
53 creatures vanquished.

Notes
Turn   | Place    | Note
-------+----------+-------------------------------------------
     0 | D:1      | waaargh the Minotaur Fighter began the quest for the Orb.
     0 | D:1      | Reached XP level 1. HP: 19/19 MP: 0/0
   448 | D:1      | Reached XP level 2. HP: 27/27 MP: 1/1
   811 | D:2      | Noticed an earth elemental
   812 | D:2      | Found a stormy altar of Qazlal.
   815 | D:2      | Noticed an air elemental
   816 | D:2      | Noticed a water elemental
   816 | D:2      | Noticed a fire elemental
   824 | D:2      | Became a worshipper of Qazlal Stormbringer
   853 | D:2      | Reached XP level 3. HP: 25/33 MP: 2/2
  1478 | D:3      | Found a sacrificial altar of Ru.
  1702 | D:3      | Found an ancient bone altar of Kikubaaqudgha.
  1870 | D:3      | Reached XP level 4. HP: 20/41 MP: 3/3
  1919 | D:3      | Reached * piety under Qazlal
  2137 | D:3      | Found a hide-covered altar of Uskayaw.
  2140 | D:3      | Noticed a dagger
  2140 | D:3      | Noticed an enchanted dagger
  2601 | D:4      | Noticed Blork the orc
  2652 | D:4      | Killed from afar by Blork the orc

Skill      XL: |  1  2  3  4 |
---------------+-------------+-----
Fighting       | 4 |  4.4
Armour         | 4 |  4.4
Axes           | 3 4 |  4.2
Shields        | 4 |  4.1
Dodging        | |  0.9

Action                   |  1- 3 |  4- 6 || total
-------------------------+-------+-------++-------
Melee: War axe           |    96 |    38 ||   134
       Headbutt          |     9 |     4 ||    13
       Unarmed           |       |     6 ||     6
  Use: Scroll            |       |     6 ||     6
  Eat: Chunk             |     2 |       ||     2
       Ration            |     1 |       ||     1
Armor: Scale mail        |    53 |    14 ||    67
Dodge: Dodged            |    40 |    13 ||    53
Block: Shield            |    66 |    23 ||    89
